 Dungeon Crawl Stone Soup version 0.29-a0-834-g1e95ca9f62 (webtiles) character file.

Game seed: 15729433125255511937

24266 LynnLen the Unseen (level 12, -11/97 HPs)
             Began as a Vampire Enchanter on July 12, 2022.
             Was a High Priest of Dithmenos.
             Mangled by a catoblepas (17 damage)
             ... on level 2 of the Lair of Beasts.
             The game lasted 01:09:50 (14901 turns).

LynnLen the Unseen (Vampire Enchanter)             Turns: 14901, Time: 01:09:51

Health: -11/97     AC: 12    Str:  7    XL:     12   Next: 79%
Magic:  11/15      EV: 15    Int: 26    God:    Dithmenos [*****.]
Gold:   575        SH:  0    Dex: 15    Spells: 3/15 levels left

rFire   + + .      SeeInvis +   a - +6 dagger (vamp)
rCold   + . .      Faith    .   S - orb {guile}
rNeg    . . .      Spirit   .   E - +0 acid dragon scales
rPois   .          Reflect  .   w - +0 helmet
rElec   +          Harm     .   u - +0 cloak
rCorr   +          Rampage  .   k - +2 pair of gloves
Will    +....                   j - +0 pair of boots Stlth *+++++++++
                                g - amulet of regeneration
HPRegen 1.26/turn               f - ring of Okaculu {Fly rElec rF++ rC+ Will+}
MPRegen 0.14/turn               B - +6 ring of intelligence

@: mighty, flying, healing quickly, wreathed by umbra
A: alive, fangs 3, see invisible, vampiric 2, clumsy 1, strong-willed 1
a: Exsanguinate, Renounce Religion, Shadow Step, Shadow Form


You were on level 2 of the Lair of Beasts.
You worshipped Dithmenos.
Dithmenos was extremely pleased with you.
You visited 3 branches of the dungeon, and saw 15 of its levels.

You collected 874 gold pieces.
You spent 299 gold pieces at shops.

Inventory:

Hand Weapons
 a - a +6 vampiric dagger (weapon)
 D - a +1 demon whip of venom
Missiles
 h - 33 poisoned darts (quivered)
 y - 4 curare-tipped darts
 C - 6 throwing nets
 R - 5 silver javelins
 V - 6 javelins
Armour
 j - a +0 pair of boots (worn)
 k - a +2 pair of gloves (worn)
 u - a +0 cloak (worn)
 w - a +0 helmet (worn)
 z - a +2 leather armour of positive energy
 E - +0 acid dragon scales (worn)
 J - the +2 leather armour "Zumeyrph" {rElec}
   (You bought it in a shop on level 1 of the Dungeon)

   rElec:     It insulates you from electricity.
 S - an orb of guile (worn)
Jewellery
 f - the ring of Okaculu (left hand) {Fly rElec rF++ rC+ Will+}
   (You acquired it on level 11 of the Dungeon)

   [ring of flight]

   rF:        It greatly protects you from fire.
   rC:        It protects you from cold.
   rElec:     It insulates you from electricity.
   Fly:       It grants you flight.
   Will:      It increases your willpower.
 g - an amulet of regeneration (around neck)
 i - a +4 ring of protection
 l - an amulet of reflection
 B - a +6 ring of intelligence (right hand)
 K - a ring of magical power
 U - a ring of protection from cold
Wands
 c - a wand of flame (8)
 n - a wand of charming (5)
 q - a wand of mindburst (14)
 x - a wand of polymorph (9)
 H - a wand of digging (8)
 Q - a wand of iceblast (5)
Scrolls
 d - 3 scrolls of brand weapon
 e - 6 scrolls of teleportation
 s - 2 scrolls of amnesia
 F - 2 scrolls of magic mapping
 G - a scroll of fog
 L - 3 scrolls of vulnerability
 N - 2 scrolls of immolation
 T - a scroll of poison
 Z - 3 scrolls of identify
Potions
 b - 2 potions of invisibility
 m - 3 potions of flight
 o - 2 potions of might
 r - 7 potions of curing
 v - 2 potions of mutation
 A - 2 potions of resistance
 M - a potion of ambrosia
 O - a potion of attraction
 P - a potion of lignification {unknown}
 W - a potion of haste
 X - a potion of magic {unknown}


   Skills:
 * Level 9.9 Fighting
 - Level 10.1 Short Blades
 + Level 9.9 Dodging
 + Level 19.2 Stealth
 - Level 2.2 Spellcasting
 * Level 10.7 Hexes


You had 3 spell levels left.
You knew the following spells:

 Your Spells              Type           Power      Damage    Failure   Level
a - Tukima's Dance        Hex            56%        N/A       1%          3
b - Confusing Touch       Hex            56%        N/A       1%          3
c - Ensorcelled Hibernat  Hex/Ice        60%        N/A       3%          2
d - Cause Fear            Hex            28%        N/A       2%          4

Your spell library contained the following spells:

 Spells                   Type           Power      Damage    Failure   Level
 Dazzling Flash           Conj/Hex       60%        N/A       6%          3
 Inner Flame              Hex/Fire       30%        N/A       6%          3
 Beastly Appendage        Tmut           4%         N/A       21%         1
 Foxfire                  Conj/Fire      8%         2x1d4     21%         1
 Wereblood                Tmut           2%         N/A       30%         2
 Conjure Flame            Conj/Fire      2%         6-21      52%         3
 Frozen Ramparts          Ice            4%         1d2       52%         3
 Gell's Gravitas          Tloc           2%         N/A       52%         3
 Spider Form              Tmut/Pois      2%         N/A       52%         3
 Teleport Other           Tloc           2%         N/A       52%         3
 Animate Armour           Summ/Erth      4%         N/A       89%         4
 Animate Dead             Necr           2%         N/A       89%         4
 Flame Wave               Conj/Fire      2%         2d4       89%         4
 Hailstorm                Conj/Ice       2%         3d3       89%         4
 Ice Form                 Ice/Tmut       2%         N/A       89%         4
 Summon Ice Beast         Ice/Summ       2%         N/A       89%         4
 Blade Hands              Tmut           1%         N/A       99%         5
 Dispersal                Tloc           1%         N/A       100%        6
 Iron Shot                Conj/Erth      1%         9d1       100%        6
 Simulacrum               Ice/Necr       1%         N/A       100%        6
 Haunt                    Necr/Summ      1%         N/A       100%        7
 Malign Gateway           Summ/Tloc      1%         N/A       100%        7
 Discord                  Hex            28%        N/A       100%        8
 Infestation              Necr           1%         N/A       100%        8
 Summon Horrible Things   Summ           1%         N/A       100%        8


Dungeon Overview and Level Annotations

Branches:
Dungeon (12/15)            Temple (1/1) D:5            Lair (2/6) D:11
  Swamp (0/4) Lair:2        Snake (0/4) Lair:2          Orc (0/2) D:12

Altars:
Ashenzari
Cheibriados
Dithmenos
Fedhas
Gozag
Hepliaklqana
Kikubaaqudgha
Makhleb
Nemelex Xobeh
Okawaru
Qazlal
Ru
Sif Muna
Trog
Uskayaw
Vehumet
Wu Jian
Xom
Yredelemnul

Shops:
D:1 [   D:2 *   D:12 (

Portals:
Abyss: D:4

Annotations:
D:4 2 transporters, Pooter's ghost, amateur MiMo


Innate Abilities, Weirdness & Mutations

Your natural rate of healing is accelerated.
You have razor-sharp teeth.
You have supernaturally acute eyesight. (SInv)
You are afflicted with vampirism and can become a bat while bloodless.
You are clumsy. (Dex -2)
You are strong-willed. (Will+)


Message History

You are engulfed in calcifying dust.
The catoblepas gores you! The catoblepas gores you.
The catoblepas barely misses you.
The catoblepas breathes a plume of calcifying dust at you.
The blast of calcifying dust hits you but does no damage.
You are engulfed in calcifying dust.
The catoblepas gores you!!
You are engulfed in calcifying dust.
The catoblepas gores you but does no damage.
You are engulfed in calcifying dust.
The catoblepas gores you but does no damage.
You turn to flesh and can move again.
As you read the scroll of fog, it crumbles to dust.
The scroll dissolves into smoke.
You are engulfed in calcifying dust.
You are slowing down.
The catoblepas completely misses you.
The catoblepas attacks as you move away!
The catoblepas gores you!
You are engulfed in calcifying dust.
The catoblepas breathes a plume of calcifying dust at you.
The blast of calcifying dust hits you but does no damage.
Your limbs are stiffening.
You see here a black mamba corpse.
Really fly into that cloud of calcifying dust?
Okay, then.
Okay, then.
You feel limber!
You feel magically purged. The catoblepas gores you!
Unknown command.
You feel very mighty all of a sudden.
You hear the rapid rumble of a very distant avalanche of rocks.
The catoblepas gores you!!
* * * LOW HITPOINT WARNING * * *
Okay, then.
Casting: Confusing Touch (safe; 1% risk of failure)
Confirm with . or Enter, or press ? or * to list all spells.
Casting: Cause Fear (dangerous; 2% risk of failure)
Press: ? - help, Dir - look around, f - activate The polar bear looks frightened!
The catoblepas resists with almost no effort.
The catoblepas gores you!
You die...

##......# !# # #........
#.......# .#. #........ ##......#
#.# #........ ##......# ##.##
#........ #.......# ♣.§.♣
#........ ##....(.# ♣.♣Y♣.♣
#........ #......# ♣. ♣h♣♣Y♣
#.....##. #......# ♣k ♣Y♣ ♣.♣
#...##### ##......# ♣. ♣♣@♣♣ ♣.♣
#...# #
#P......#######...#######...## #
#....................F.......# #
##..............§...#.##....## ##
#.......#P#.##.§.#.#####...## #.
#.......######...### #...P# ##
#.......# #....# ###...#####
#.......######...#####.....##♣PP
##.......##..##.............#≈.P≈


You could see a catoblepas and a polar bear (fleeing).

Vanquished Creatures
  Nessos (D:12)
  A hydra (D:11)
  Harold (D:9)
  A boulder beetle (D:12)
  3 two-headed ogres
  Urug (Lair:1)
  Amaemon (D:9)
  A bog body (Lair:2)
  Pikel (D:4)
  An ugly thing (D:11)
  A cyclops (D:12)
  Maggie (D:8)
  An orange demon (D:9)
  Joseph (D:7)
  3 cane toads
  2 unseen horrors (D:12)
  2 rime drakes (Lair:2)
  A komodo dragon (D:11)
  2 trolls
  A hornet (D:9)
  Prince Ribbit (D:7)
  A shadow (D:11)
  3 wyverns
  A wraith (D:12)
  9 yaks
  A basilisk (Lair:1)
  Eustachio (D:4)
  A steam dragon (D:10)
  11 vampire mosquitoes
  A warg (D:12)
  A swamp worm (Lair:2)
  9 water moccasins
  4 acid dragons
  Duvessa (Temple)
  6 orc warriors
  3 black bears
  2 ogres
  3 sky beasts
  6 wolves (Lair:1)
  6 centaurs
  2 lemures (D:4)
  2 phantoms
  A kobold brigand (D:9)
  4 bullfrogs
  2 necrophages
  A scorpion (D:7)
  3 wights (D:9)
  A gnoll sergeant (D:6)
  15 killer bees
  Dowan (Temple)
  2 howler monkeys
  2 vampire bats (D:6)
  5 jellies
  7 orc priests
  Crazy Yiuf (D:3)
  Natasha (D:4)
  3 iguanas
  A hell rat (Lair:2)
  20 orc wizards
  Robin (D:4)
  4 gnolls (D:6)
  6 adders
  A white imp (D:6)
  4 worms
  5 dart slugs
  51 orcs
  16 bats
  14 endoplasms
  3 giant cockroaches
  9 hobgoblins
  12 jackals
  5 quokkas
  9 ball pythons
  5 frilled lizards
  18 goblins
  14 kobolds
  5 rats
354 creatures vanquished.

Vanquished Creatures (collateral kills)
  A black mamba (Lair:2)
  2 kobold demonologists (D:10)
  6 yaks
  A steam dragon (D:10)
  2 vampire mosquitoes (D:10)
  An orc warrior (D:10)
  An ogre (D:5)
  A kobold brigand (D:10)
  A killer bee (D:11)
  An orc priest (D:4)
  An orc (D:10)
  2 kobolds (D:10)
20 creatures vanquished.

Vanquished Creatures (others)
  An elephant (Lair:2)
  2 dancing weapons
  An orc (D:10)
  11 fungi
  3 plants
  9 toadstools (D:2)
27 creatures vanquished.

Grand Total: 401 creatures vanquished

Notes
Turn   | Place    | Note
-------+----------+-------------------------------------------
     0 | D:1      | LynnLen the Vampire Enchanter began the quest for the Orb.
     0 | D:1      | Reached XP level 1. HP: 13/13 MP: 3/3
   202 | D:1      | Reached XP level 2. HP: 16/16 MP: 5/5
   317 | D:1      | Reached skill level 5 in Stealth
   424 | D:1      | Found a faded altar of an unknown god.
   588 | D:1      | Gained mutation: You are afflicted with vampirism and can
                  | become a bat while bloodless. [Vampire growth]
   588 | D:1      | Reached XP level 3. HP: 20/20 MP: 6/6
   625 | D:1      | Found Ruxzatu's Antique Armour Shop.
  1182 | D:2      | Found Woyd Esume's General Store.
  1325 | D:2      | Reached skill level 1 in Fighting
  1325 | D:2      | Reached skill level 6 in Stealth
  1451 | D:2      | Found a broken altar of Ashenzari.
  1456 | D:2      | Reached XP level 4. HP: 25/25 MP: 7/7
  1929 | D:2      | Reached XP level 5. HP: 29/29 MP: 8/8
  1935 | D:2      | Reached skill level 7 in Stealth
  2168 | D:3      | Found a radiant altar of Vehumet.
  2282 | D:3      | Found a runed translucent door.
  2283 | D:3      | Noticed Crazy Yiuf
  2486 | D:3      | Learned a level 3 spell: Tukima's Dance
  2505 | D:3      | Learned a level 3 spell: Confusing Touch
  2733 | D:3      | Found a shimmering altar of Xom.
  2734 | D:3      | Found a hide-covered altar of Uskayaw.
  2735 | D:3      | Found an ancient bone altar of Kikubaaqudgha.
  3041 | D:3      | Killed Crazy Yiuf
  3096 | D:3      | Reached XP level 6. HP: 35/35 MP: 2/9
  3362 | D:4      | Noticed Eustachio
  3373 | D:4      | Killed Eustachio
  3374 | D:4      | Reached skill level 8 in Stealth
  3394 | D:4      | Noticed Robin
  3605 | D:4      | Reached skill level 5 in Short Blades
  3605 | D:4      | Reached XP level 7. HP: 39/40 MP: 10/10
  3827 | D:4      | Found a one-way gate to the infinite horrors of the Abyss.
  3827 | D:4      | Found a transporter.
  3827 | D:4      | Noticed Pooter's ghost (amateur MiMo)
  3931 | D:4      | Reached skill level 9 in Stealth
  3957 | D:4      | Found a transporter.
  4072 | D:2      | Bought a potion of attraction for 36 gold pieces
  4072 | D:2      | Bought a potion of heal wounds for 60 gold pieces
  4412 | D:4      | Killed Robin
  4515 | D:4      | Found a broken altar of Ashenzari.
  4632 | D:4      | Noticed Natasha
  4645 | D:4      | Killed Natasha
  4761 | D:5      | Entered Level 5 of the Dungeon
  4762 | D:5      | Noticed Pikel
  4903 | D:4      | Killed Pikel
  4904 | D:4      | Reached XP level 8. HP: 41/46 MP: 11/11
  5258 | D:5      | Reached skill level 10 in Stealth
  5442 | D:5      | Found a staircase to the Ecumenical Temple.
  5449 | D:5      | Noticed Dowan
  5455 | D:5      | Noticed Duvessa
  5460 | Temple   | Entered the Ecumenical Temple
  5704 | Temple   | Became a worshipper of Dithmenos the Shadowed
  5874 | Temple   | Killed Duvessa
  5877 | Temple   | Killed Dowan
  6428 | D:5      | Reached skill level 5 in Dodging
  6428 | D:5      | Reached XP level 9. HP: 52/52 MP: 12/12
  6900 | D:6      | Found a basalt altar of Yredelemnul.
  6930 | D:6      | Reached skill level 5 in Fighting
  7190 | D:6      | Reached * piety under Dithmenos
  7345 | D:7      | Noticed Joseph
  7353 | D:7      | Killed Joseph
  7354 | D:7      | Reached skill level 11 in Stealth
  7756 | D:7      | Noticed Prince Ribbit
  7763 | D:7      | Killed Prince Ribbit
  7764 | D:7      | Reached skill level 12 in Stealth
  8355 | D:1      | Bought a ruby-encrusted leather armour for 203 gold pieces
  8355 | D:1      | Identified the +2 leather armour "Zumeyrph" {rElec} (You
                  | bought it in a shop on level 1 of the Dungeon)
  8590 | D:8      | Reached XP level 10. HP: 60/60 MP: 13/13
  8628 | D:8      | Noticed Maggie
  8638 | D:8      | Killed Maggie
  8639 | D:8      | Reached skill level 10 in Short Blades
  8644 | D:8      | Learned a level 2 spell: Ensorcelled Hibernation
  8727 | D:8      | Reached ** piety under Dithmenos
  9322 | D:9      | Learned a level 4 spell: Cause Fear
  9340 | D:9      | Noticed Harold
  9343 | D:9      | Killed Harold
  9344 | D:9      | Reached skill level 13 in Stealth
  9344 | D:9      | Reached skill level 5 in Hexes
  9466 | D:9      | Noticed an orange demon
  9469 | D:9      | Noticed Amaemon
  9471 | D:9      | Killed Amaemon
  9471 | D:9      | Noticed a two-headed ogre
  9484 | D:9      | Killed an orange demon
  9497 | D:9      | Killed a two-headed ogre
  9582 | D:9      | Reached skill level 14 in Stealth
  9592 | D:9      | Identified the +5 sling of the Pits of Slime {venom,
                  | *Corrode rF+ rC++}
  9631 | D:9      | Found a sparkling altar of Nemelex Xobeh.
 10013 | D:9      | Noticed a two-headed ogre
 10367 | D:9      | Killed a two-headed ogre
 10368 | D:9      | Reached XP level 11. HP: 35/84 MP: 10/14
 10536 | D:10     | Entered Level 10 of the Dungeon
 10728 | D:10     | Reached skill level 15 in Stealth
 10739 | D:10     | Noticed a sun demon
 10833 | D:10     | Reached *** piety under Dithmenos
 11225 | D:11     | Noticed a six-headed hydra
 11230 | D:11     | Killed a six-headed hydra
 11267 | D:11     | Noticed a red ugly thing
 11321 | D:11     | Found a staircase to the Lair.
 11430 | D:11     | Killed a red ugly thing
 11431 | D:11     | Reached skill level 16 in Stealth
 11703 | D:12     | Noticed Nessos
 11926 | D:12     | Killed Nessos
 11927 | D:12     | Reached skill level 17 in Stealth
 11954 | D:12     | Reached XP level 12. HP: 94/94 MP: 15/15
 11995 | D:12     | Noticed a boulder beetle
 11999 | D:12     | Found a staircase to the Orcish Mines.
 12063 | D:12     | Noticed a two-headed ogre
 12122 | D:12     | Killed a two-headed ogre
 12122 | D:12     | Reached **** piety under Dithmenos
 12204 | D:12     | Killed a boulder beetle
 12331 | D:12     | Found Suecs's Antique Weapon Shoppe.
 12696 | D:11     | Identified a scroll of acquirement
 12697 | D:11     | Acquired the ring of Okaculu {Fly rElec rF++ rC+ Will+}
 13061 | D:11     | Reached skill level 18 in Stealth
 13364 | D:11     | Gained mutation: You are clumsy. (Dex -2) [potion of
                  | mutation]
 13364 | D:11     | Gained mutation: You are strong-willed. (Will+) [potion of
                  | mutation]
 13399 | Lair:1   | Entered Level 1 of the Lair of Beasts
 13438 | Lair:1   | Reached skill level 10 in Hexes
 13896 | Lair:1   | Noticed Urug
 13908 | Lair:1   | Killed Urug
 14415 | Lair:2   | Found a staircase to the Swamp.
 14449 | Lair:2   | Reached ***** piety under Dithmenos
 14501 | Lair:2   | Found a staircase to the Snake Pit.
 14652 | Lair:2   | Reached skill level 19 in Stealth
 14822 | Lair:2   | Noticed a catoblepas
 14901 | Lair:2   | Mangled by a catoblepas

Illustrated notes

Levels and vault maps discovered:
D:1:      minmay_arrival_four_loops, layout_basic, serial_shops,
          nicolae_square_shop, ebering_ecumenical_altar_abandoned
D:2:      cheibrodos_fertilizer, layout_basic, basic_altar, serial_shops, shop,
          kennysheep_generic_room_10
D:3:      layout_loops_ring, lemuel_round_altar,
          chequers_temple_overflow_statue_of_worship, uniq_crazy_yiuf_cottage
D:4:      layout_basic, gammafunk_temple_overflow_elements,
          gammafunk_ghost_abyssal_escape, uniq_eustachio, uniq_robin,
          uniq_natasha
D:5:      layout_cave_pools, minmay_temple_entry_statues_pillars, uniq_pikel,
          uniq_duvessa
D:6:      layout_rooms, mainiacjoe_overflow_small_starburst, minmay_holes,
          roderic_batcave
D:7:      layout_basic, uniq_prince_ribbit1, uniq_joseph
D:8:      layout_cave_pools, uniq_maggie
D:9:      layout_loops_ring, nemelex_diamond_rough_becter,
          minmay_misc_feat_rows, grunt_ministairs_3, uniq_amaemon, uniq_harold
D:10:     layout_cave_pools, zin_scriptorium, serial_park, serial_park_gazebo
          [serial_park_minivault_5x5_6], serial_park_tiny_pond,
          serial_park_tiny_pond, serial_park_square2, minmay_misc_feat_doors,
          kennysheep_generic_room_5
D:11:     layout_grid_maze, lair_entry_dummy, minmay_tree_intersection
D:12:     layout_gridville, erik_orc_3, serial_shops,
          nicolae_shop_hallway_stairs, uniq_nessos
Temple:   oiseaux_autumnal_temple
Lair:1:   layout_loops_ring, uniq_urug
Lair:2:   nzn_winding_woodlands_small [nzn_winding_woodlands_5x15_sawtooth,
          nzn_winding_woodlands_center_diamonds,
          nzn_winding_woodlands_5x15_pathside_ponds], layout_chaotic_city,
          nicolae_swamp_entry_splash_gauntlet, guppyfry_snake_entry_garden,
          nicolae_volcano_entry_s_turn

Skill      XL: |  1  2  3  4  5  6  7  8  9 10 11 12 |
---------------+-------------------------------------+-----
Stealth        | 5 6 7 8 9 10 12 14 17 19 | 19.2
Short Blades   | 2 3 5 7 8 9 10 | 10.1
Fighting       | 1 2 3 4 5 7 8 9 |  9.9
Dodging        | 3 4 5 6 7 9 |  9.9
Hexes          | 6 9 10 | 10.7
Spellcasting   | |  2.2

Action                   |  1- 3 |  4- 6 |  7- 9 | 10-12 || total
-------------------------+-------+-------+-------+-------++-------
Melee: Dagger            |   104 |   188 |   489 |   862 ||  1643
       Bite              |     6 |    16 |    64 |   125 ||   211
       Punch             |       |       |     6 |     9 ||    15
Throw: Dart              |       |       |       |     9 ||     9
 Cast: Confusing Touch   |       |     2 |     3 |     5 ||    10
       Tukima's Dance    |       |     1 |    10 |     1 ||    12
       Cause Fear        |       |       |       |     1 ||     1
 Abil: Exsanguinate      |     1 |       |       |       ||     1
       Revivify          |       |       |       |     1 ||     1
Evoke: Wand              |       |       |       |     1 ||     1
  Use: Scroll            |     4 |     7 |     8 |    24 ||    43
       Potion            |       |     2 |     3 |    14 ||    19
 Stab: Sleeping          |    24 |    20 |    24 |    54 ||   122
       Invisible         |       |     2 |       |     4 ||     6
       Confused          |       |     1 |     2 |     5 ||     8
       Distracted        |       |       |       |     7 ||     7
Armor: Robe              |    36 |    51 |       |       ||    87
       Leather armour    |       |    12 |   158 |   140 ||   310
       Acid dragon scale |       |       |       |    33 ||    33
Dodge: Dodged            |    63 |   111 |   213 |   523 ||   910
Block: Other             |       |       |    62 |       ||    62

Table legend: (Time is in decaauts)
 A = Elapsed time spent in this place.
 B = Non-inter-level travel time spent in this place.
 C = Inter-level travel time spent in this place.
 D = Time resting spent in this place.
 E = Time spent auto-exploring this place.
 F = Levels seen in this place.
 G = Mean time per level.
                   A        B        C        D        E       F      G
               +--------+--------+--------+--------+--------+-----+--------+
         Total |  14242 |  13758 |    484 |    533 |   6151 |  15 |  949.5 |
       Dungeon |  12450 |  12022 |    428 |    449 |   5178 |  12 | 1037.5 |
        Temple |    381 |    354 |     27 |     84 |    237 |   1 |  381.0 |
          Lair |   1410 |   1382 |     28 |      0 |    736 |   2 |  705.0 |
               +--------+--------+--------+--------+--------+-----+--------+

Top non-repeatable levels by time:
     D:4: 1731 daAuts
     D:3: 1331 daAuts
    D:11: 1311 daAuts
     D:1: 1233 daAuts
     D:9: 1119 daAuts
     D:2: 1005 daAuts
     D:7: 940 daAuts
     D:6: 898 daAuts
     D:5: 873 daAuts
  Lair:1: 826 daAuts
    D:12: 775 daAuts
     D:8: 651 daAuts
  Lair:2: 583 daAuts
    D:10: 579 daAuts
  Temple: 381 daAuts
